Map: Frostline LE

Players

Santiago

  • Race: Terran Terran
  • League: Silver
  • Spawn Location: 7:00

llllllllllll - Winner!

  • Race: Terran Terran
  • League: Gold
  • Spawn Location: 1:00

VOD

Have the link to the VOD?

Description

Time

  • Played on: April 24, 2025, 10:31 a.m.
  • Length: 2:46
Show
View Real Time Build Order
Export as new Build Order

Santiago Terran 

Build Orders:  

Get SALT Encoding   

  12  0:00  SCV  
  13  0:13  Supply Depot  
  13  0:18  SCV  
  14  0:30  SCV  
  15  0:36  Barracks  
  15  0:42  SCV  
  16  0:45  Refinery  
  16  0:54  SCV  
  16  0:56  Refinery  
  17  1:06  SCV  
  18  1:19  SCV  
  18  1:24  Supply Depot  
  18  1:25  Reaper  
  20  1:32  SCV  
  21  1:44  SCV, Factory  
  22  1:56  SCV  
  23  2:05  Supply Depot  
  23  2:08  SCV  
  24  2:16  Barracks Reactor  
  24  2:20  SCV  
  25  2:29  Factory Tech Lab  
Show
View Real Time Build Order
Export as new Build Order

llllllllllll Terran - Winner!

Build Orders:  

Get SALT Encoding   

  12  0:00  SCV  
  13  0:12  SCV  
  14  0:19  Supply Depot  
  14  0:24  SCV  
  15  0:30  Refinery  
  15  0:45  Barracks  
  15  0:59  Barracks  
  15  1:16  Barracks  
  15  1:29  Refinery  
  15  1:32  Reaper  
  16  1:46  Reaper  
  17  2:02  Reaper  
  17  2:04  Reaper  
  17  2:06  Orbital Command  
Tags
 
Matchup
TvT
Race
Terran
Replay Pack
kreditionep1
Spawn Locations
Cross Positions
Add a new tag
Caveats
  • Supply blocks, unpowered buildings, or Contaminate may cause inaccurate times.
  • Supply counts are checked every 10 seconds.